 Dungeon Crawl Stone Soup version 0.24.0-35-gdb84b6a5db (webtiles) character file.

Game seed: 10084111414932274757, levelgen mode: deterministic

14336 FishyPogo the Fighter (level 11, -5/138 HPs)
             Began as a Demonspawn Abyssal Knight on Nov 17, 2019.
             Was a High Priest of Lugonu.
             Slain by a rust devil (11 damage)
             ... summoned by an obsidian statue
             ... in a Gauntlet.
             The game lasted 00:43:17 (10778 turns).

FishyPogo the Fighter (Demonspawn Abyssal Knight)  Turns: 10778, Time: 00:43:19

Health: -5/138     AC:  1    Str: 20    XL:     11   Next: 87%
Magic:  0/18       EV:  2    Int: 14    God:    Lugonu [*****.]
Gold:   628        SH:  6    Dex: 19    Spells: 10/10 levels left

rFire    . . .     SeeInvis +   b - +1 hand axe of Poat {chop, *Rage Dex+3 SInv}
rCold    . . .     Gourm    .   I - +0 buckler
rNeg     + + +     Faith    .   (armour currently unavailable)
rPois    +         Spirit   +   (helmet currently unavailable)
rElec    .         Reflect  .   (cloak currently unavailable)
rCorr    .         Harm     .   (gloves currently unavailable)
MR       .....     Rnd*Rage +   (boots unavailable) Stlth ++........NoTele +
                                D - amulet of guardian spirit
HPRegen  0.73/turn              s - +4 ring of dexterity
MPRegen  0.16/turn              d - +4 ring of strength

@: tree-form (expiring), corroded
A: regeneration 1, wild magic 1, rot immunity
a: Depart the Abyss, Bend Space, Banish, Corrupt, Enter the Abyss, Renounce
Religion


You were in a Gauntlet.
You worshipped Lugonu.
Lugonu was extremely pleased with you.
You were not hungry.
You were a tree.
You visited 3 branches of the dungeon, and saw 13 of its levels.
You visited the Abyss 1 time.
You also visited: Gauntlet.

You collected 628 gold pieces.

Inventory:

Hand Weapons
 a - a +4 scimitar of flaming
 b - the +1 hand axe of Poat (weapon) {chop, *Rage Dex+3 SInv}
   (You found it on level 7 of the Dungeon)

   It inflicts extra damage upon your enemies.
   It affects your dexterity (+3).
   It lets you see invisible.
   It may make you go berserk in combat.
Missiles
 j - 365 stones (quivered)
 o - 16 poisoned darts
 p - 7 boomerangs
 O - 3 throwing nets
Armour
 m - a +0 helmet (melded)
 q - a +0 pair of gloves (melded)
 I - a +0 buckler (worn)
 Q - a +0 cloak (melded)
 T - a +2 robe of cold resistance (melded)
Jewellery
 d - a +4 ring of strength (right branch)
 s - a +4 ring of dexterity (left branch)
 u - an uncursed ring of protection from magic
 A - an uncursed ring of flight
 D - an amulet of guardian spirit (around neck)
 F - an uncursed ring of protection from magic
 G - a +2 ring of strength
 M - a +3 ring of protection
 S - an uncursed ring of ice
Wands
 g - a wand of flame (43)
 N - a wand of enslavement (9)
 P - a wand of iceblast (11)
Scrolls
 f - 3 scrolls of enchant armour
 i - 8 scrolls of teleportation
 k - 5 scrolls of noise
 r - 8 scrolls of remove curse
 t - a scroll of random uselessness
 v - 2 scrolls of blinking
 w - a scroll of immolation
 y - 7 scrolls of identify
 R - a scroll of enchant weapon
Potions
 e - 3 potions of curing
 l - 2 potions of lignification
 n - a potion of agility {unknown}
 x - a potion of cancellation {unknown}
 B - a potion of might
 C - a potion of resistance
 H - 2 potions of degeneration {unknown}
 J - a potion of haste {unknown}
 K - 2 potions of brilliance {unknown}
 L - a potion of invisibility {unknown}
Comestibles
 c - 23 rations


   Skills:
 + Level 10.5 Fighting
 * Level 4.6 Long Blades
 - Level 4.0 Axes
 + Level 9.2 Armour
 - Level 7.0 Dodging
 - Level 4.0 Shields
 + Level 10.2 Invocations


You had 10 spell levels left.
You didn't know any spells.
Your spell library was empty.

Dungeon Overview and Level Annotations

Branches:
Dungeon (11/15)            Temple (1/1) D:6            Lair (1/6) D:8
Gauntlet (1/1)
    Orc: D:9-12

Altars:
Ashenzari
Cheibriados
Dithmenos
Elyvilon
Fedhas
Gozag
Hepliaklqana
Kikubaaqudgha
Makhleb
Nemelex Xobeh
Okawaru
Qazlal
Ru
Sif Muna
Trog
Uskayaw
Vehumet
Wu Jian
Xom
Yredelemnul
Zin
The Shining One

Shops:
D:4 =   D:6 *?[

Annotations:
D:6 3 runed translucent doors, Granthy's ghost, novice DDFi
D:7 corrupted
Abyss:1 Joseph Gauntlet 17 runed translucent doors, 7 transporters, exclusions: obsidian statue and orange crystal statue


Innate Abilities, Weirdness & Mutations

((You have hooves in place of feet.))
((You are mostly covered in sharp spines.))
You are immune to rotting.
Your natural rate of healing is unusually fast.
Your spells are a little harder to cast, but a little more powerful.


Message History

You hit the shadow imp but do no damage.
You hit the white imp but do no damage. You block the rust devil's attack.
You block the shadow imp's attack. The white imp hits you.
* * * LOW HITPOINT WARNING * * *
The white imp freezes you.
* * * LOW HITPOINT WARNING * * *
The rust devil hits you!
* * * LOW HITPOINT WARNING * * *
The rust devil corrodes you! The rust devil completely misses you.
Unknown command.
Okay, then.
Unknown command.
You don't have enough magic at the moment.
You feel better.
Your transformation is almost over.
You break out of your daze.
The shadow imp hits you.
* * * LOW HITPOINT WARNING * * *
The rust devil hits you!
You die...

###########...............≈#
............8.....8.....8.##
.....8.....................##
.............###########...≈#
.#########...#...+..+..#...##
.#bbth...#...#...+..+..#.∩.≈#
.#b###.#.#####?.##++#++#...##
.#b###...#...#!44...'..#...≈#
.#©###©..#©.©#58♣5..#.©#©8.##
.#!...##.#...#=.5...+..#...≈#
.#|...##.#####..##++#++#...##
.#.......#...#...+..+..#.∩.§#
.#########...#...+..+..#...##
........ ....###########...≈#
.....8.. ..................##
...8.....8.....8.##


You could see an obsidian statue, 2 rust devils, 2 white imps and a shadow imp.

Vanquished Creatures
  Fannar (Lair:1)
  Erica (D:11)
  A two-headed ogre (D:11)
  A cyclops (D:11)
  Maurice (D:11)
  A gargoyle (D:10)
  A kobold demonologist (D:11)
  A rime drake (Lair:1)
  3 hippogriffs
  A shadow (D:11)
  A wyvern (D:8)
  7 yaks
  A basilisk (D:8)
  3 hungry ghosts
  2 water moccasins
  3 porcupines (D:8)
  4 orc warriors
  An ice beast (D:8)
  A black bear (D:11)
  A phantom (D:5)
  5 wolves (Lair:1)
  A necrophage (D:10)
  8 ogres
  6 centaurs
  3 crocodiles (D:8)
  3 big kobolds
  10 bullfrogs
  A water moccasin zombie (D:9)
  3 scorpions
  28 killer bees
  4 howler monkeys
  6 crimson imps
  4 hounds
  2 jellies
  A gnoll shaman (D:9)
  9 orc priests
  2 centaur skeletons
  12 orc wizards
  2 bullfrog skeletons
  Ijyb (D:3)
  2 iguanas
  5 worker ants
  A hound zombie (D:7)
  A worker ant zombie (D:6)
  A howler monkey zombie (D:8)
  9 gnolls
  2 howler monkey skeletons
  14 adders
  2 shadow imps
  An ooze (D:1)
  An adder zombie (D:6)
  3 adder skeletons
  5 worms
  2 dart slugs
  7 leopard geckos
  48 orcs
  10 bats
  12 giant cockroaches
  8 goblins
  6 hobgoblins
  5 jackals
  4 quokkas
  A ball python (D:4)
  4 frilled lizards
  18 kobolds
  8 rats
327 creatures vanquished.

Vanquished Creatures (others)
  2 two-headed ogres (D:9)
  An ugly thing (D:8)
  A troll (D:10)
  A hornet (D:7)
  A hippogriff (D:7)
  A bullfrog (D:7)
  3 gnolls (D:7)
  An orc (D:9)
  A bush (Lair:1)
  A fungus (D:8)
  3 plants
16 creatures vanquished.

Grand Total: 343 creatures vanquished

Notes
Turn   | Place    | Note
-------+----------+-------------------------------------------
     0 | Abyss:1  | FishyPogo the Demonspawn Abyssal Knight began the quest for
                  | the Orb.
     0 | Abyss:1  | Reached XP level 1. HP: 18/18 MP: 2/2
    72 | Abyss:1  | Found a corrupted altar of Lugonu.
   117 | Abyss:1  | Noticed a quasit
   134 | Abyss:1  | Noticed a small abomination
   146 | Abyss:1  | Noticed a sixfirhy
   147 | Abyss:1  | Noticed a thrashing horror
   149 | D:1      | Escaped the Abyss
   195 | D:1      | Reached skill level 1 in Dodging
   720 | D:1      | Gained mutation: You have large cloven feet. [demonic
                  | ancestry]
   720 | D:1      | Reached XP level 2. HP: 24/24 MP: 3/3
   926 | D:1      | Reached * piety under Lugonu
  1111 | D:1      | Gained mutation: You are partially covered in sharp spines.
                  | [demonic ancestry]
  1111 | D:1      | Reached XP level 3. HP: 27/29 MP: 5/5
  1800 | D:2      | Reached XP level 4. HP: 26/37 MP: 6/6
  1982 | D:2      | Found a faded altar of an unknown god.
  2224 | D:3      | Reached ** piety under Lugonu
  2462 | D:3      | Noticed Ijyb
  2486 | D:3      | Killed Ijyb
  2486 | D:3      | Gained mutation: You are mostly covered in sharp spines.
                  | [demonic ancestry]
  2486 | D:3      | Reached XP level 5. HP: 35/42 MP: 7/7
  2926 | D:3      | Found a burning altar of Makhleb.
  3198 | D:4      | Gained mutation: You have hoof-like feet. [demonic
                  | ancestry]
  3198 | D:4      | Reached XP level 6. HP: 48/49 MP: 8/8
  3289 | D:4      | Found a sparkling altar of Nemelex Xobeh.
  3618 | D:4      | Reached skill level 5 in Fighting
  3678 | D:4      | Reached *** piety under Lugonu
  3776 | D:4      | Reached XP level 7. HP: 38/56 MP: 10/10
  3970 | D:4      | Found Kysickyi's Jewellery Boutique.
  4307 | D:5      | Entered Level 5 of the Dungeon
  4408 | D:5      | Reached skill level 5 in Invocations
  4503 | D:5      | Found a shattered altar of Ashenzari.
  4597 | D:5      | You fall into a shaft and drop 1 floor!
  4629 | D:6      | Found Honedel's Antique Armour Emporium.
  4734 | D:6      | Reached XP level 8. HP: 42/64 MP: 10/12
  4768 | D:6      | Gained mutation: Your natural rate of healing is unusually
                  | fast. [potion of mutation]
  4768 | D:6      | Gained mutation: Your spells are a little harder to cast,
                  | but a little more powerful. [potion of mutation]
  5004 | D:6      | Got a pair of polished boots
  5062 | D:6      | Identified the +2 pair of boots "Cel Vellyi" {+Inv rF+
                  | Str+6 Stlth-} (You found it on level 6 of the Dungeon)
  5093 | D:6      | Reached skill level 5 in Dodging
  5109 | D:6      | Found a staircase to the Ecumenical Temple.
  5114 | Temple   | Entered the Ecumenical Temple
  5429 | D:6      | Found a glowing silver altar of Zin.
  5430 | D:6      | Noticed an angel
  6109 | D:6      | Found Winir's Assorted Antiques.
  6125 | D:6      | Found Fibbihag's Magic Scroll Shoppe.
  6184 | D:6      | Found a runed translucent gate.
  6185 | D:6      | Found a runed translucent gate.
  6185 | D:6      | Found a runed translucent gate.
  6187 | D:6      | Noticed Granthy's ghost (novice DDFi)
  6245 | D:7      | Noticed a hornet
  6247 | D:7      | Banished a hornet
  6276 | D:7      | Noticed a hippogriff
  6285 | D:7      | Killed a hippogriff
  6351 | D:7      | Reached skill level 5 in Armour
  6423 | D:7      | Gained mutation: You have hooves in place of feet. [demonic
                  | ancestry]
  6423 | D:7      | Reached XP level 9. HP: 72/72 MP: 13/13
  6645 | D:7      | Reached **** piety under Lugonu
  6680 | D:7      | Corrupted D:7
  6680 | D:7      | Noticed a guardian serpent
  6680 | D:7      | Noticed a sixfirhy
  6680 | D:7      | Noticed a great orb of eyes
  6684 | D:7      | Noticed a smoke demon
  6686 | D:7      | Noticed a thrashing horror
  6686 | D:7      | Noticed a large abomination
  6692 | D:7      | Noticed a spatial maelstrom
  6934 | D:7      | Got an ancient hand axe
  6935 | D:7      | Identified the cursed +1 hand axe of Poat {chop, *Rage
                  | Dex+3 SInv} (You found it on level 7 of the Dungeon)
  7094 | D:8      | Reached skill level 1 in Axes
  7196 | D:8      | Noticed a brown ugly thing
  7318 | D:8      | Reached XP level 10. HP: 37/82 MP: 15/15
  7324 | D:8      | HP: 3/123 [porcupine's spines (5)]
  7330 | D:8      | Found a staircase to the Lair.
  7419 | D:8      | Banished a brown ugly thing
  7645 | D:8      | Found an iron altar of Okawaru.
  7768 | D:8      | Reached skill level 1 in Shields
  7958 | D:8      | Found a snail-covered altar of Cheibriados.
  8111 | D:9      | Noticed a two-headed ogre
  8130 | D:9      | Banished a two-headed ogre
  8162 | D:9      | Noticed a two-headed ogre
  8180 | D:9      | Banished a two-headed ogre
  8498 | D:9      | Noticed Joseph
  8523 | D:9      | Banished Joseph
  8523 | D:9      | Gained mutation: You are immune to rotting. [demonic
                  | ancestry]
  8523 | D:9      | Reached XP level 11. HP: 24/90 MP: 11/17
  8601 | D:9      | Found a shimmering blue altar of Sif Muna.
  8699 | D:10     | Entered Level 10 of the Dungeon
  8947 | D:10     | Reached skill level 10 in Fighting
  9229 | D:10     | Reached ***** piety under Lugonu
  9299 | D:10     | Found a sparkling altar of Nemelex Xobeh.
  9734 | D:11     | Noticed a sixfirhy
  9811 | D:11     | Noticed Erica
  9823 | D:11     | Noticed a two-headed ogre
  9829 | D:11     | Killed Erica
  9830 | D:11     | Killed a two-headed ogre
 10263 | D:11     | Noticed Maurice
 10276 | D:11     | Killed Maurice
 10276 | D:11     | Reached skill level 10 in Invocations
 10426 | Lair:1   | Entered Level 1 of the Lair of Beasts
 10426 | Lair:1   | Noticed Fannar
 10441 | Lair:1   | Killed Fannar
 10637 | Lair:1   | Found a gate leading to a gauntlet.
 10646 | Gauntlet | Entered a Gauntlet
 10646 | Gauntlet | Found a large runed translucent door.
 10646 | Gauntlet | Found a large runed translucent door.
 10646 | Gauntlet | Found a large runed translucent door.
 10646 | Gauntlet | Found a large runed translucent door.
 10646 | Gauntlet | Found a large runed translucent door.
 10646 | Gauntlet | Found a large runed translucent door.
 10646 | Gauntlet | Found a runed translucent door.
 10646 | Gauntlet | Found a transporter.
 10646 | Gauntlet | Found a runed translucent door.
 10646 | Gauntlet | Found a large runed translucent door.
 10646 | Gauntlet | Found a large runed translucent door.
 10646 | Gauntlet | Found a large runed translucent door.
 10646 | Gauntlet | Found a large runed translucent door.
 10646 | Gauntlet | Found a large runed translucent door.
 10646 | Gauntlet | Found a large runed translucent door.
 10648 | Gauntlet | Found a large runed translucent door.
 10648 | Gauntlet | Found a large runed translucent door.
 10649 | Gauntlet | Found a runed translucent gate.
 10649 | Gauntlet | Found a runed translucent gate.
 10649 | Gauntlet | Found a transporter.
 10649 | Gauntlet | Found a runed translucent gate.
 10650 | Gauntlet | Noticed an obsidian statue
 10651 | Gauntlet | Noticed a cacodemon
 10653 | Gauntlet | Found a transporter.
 10654 | Gauntlet | Found a transporter.
 10663 | Gauntlet | Found a transporter.
 10663 | Gauntlet | Found a transporter.
 10666 | Gauntlet | Found a large runed translucent door.
 10667 | Gauntlet | Found a large runed translucent door.
 10667 | Gauntlet | Noticed a fire crab
 10676 | Gauntlet | Found a transporter.
 10688 | Gauntlet | Found a transporter.
 10688 | Gauntlet | Noticed an orange crystal statue
 10755 | Gauntlet | Noticed a sixfirhy
 10777 | Gauntlet | HP: 2/138 [rust devil[an obsidian statue] (10)]
 10778 | Gauntlet | Slain by a rust devil

Levels and vault maps discovered:
D:1:      minmay_arrival_stair_chambers, layout_basic, minmay_ruptured
D:2:      layout_loops_cross, chequers_ecumenical_altar_simple_redux
D:3:      layout_loops_ring, makhleb_heckhound_becter, first_ration, uniq_ijyb
D:4:      layout_basic, lemuel_round_altar, serial_shops,
          nicolae_shop_behind_doors
D:5:      layout_basic, ashenzari_conservatory_becter, serial_glass,
          glass_columns_a, glass_columns_b
D:6:      layout_loops_corners, zin_angel, minmay_temple_entry_proselytizer,
          serial_shops, nicolae_shop_crystal, shop, nicolae_shop_behind_doors,
          ebering_ghost_rock_garden
D:7:      layout_cave_pools
D:8:      layout_gridville, okawaru_ov_weapons_minmay, cheibrodos_worm_habitat,
          minmay_lair_entry_grove, blue_anna_alchemist [blue_anna_fruit_fields,
          blue_anna_fruit_fields]
D:9:      layout_rooms, led_sif_book, uniq_joseph
D:10:     layout_loops_corners, basic_altar
D:11:     layout_basic, uniq_maurice, uniq_erica
Temple:   regret_index_temple_waves
Lair:1:   layout_hall_layers, gauntlet_entry_generic,
          chequers_serial_rivers_micro_b, st_stairs_5, serial_bayou_shore_b,
          grunt_megastairs_3, uniq_fannar
Gauntlet: minmay_gauntlet_mixed_oops_all_seconds
          [minmay_gauntlet_arena_77_double_cross,
          minmay_gauntlet_arena_make_your_own_arena,
          minmay_gauntlet_arena_77_checkered, nicolae_gauntlet_swirl,
          minmay_gauntlet_arena_77_block_sizes,
          nicolae_gauntlet_arena_flowing_pool, gauntlet_exit_hidden_loot]

Skill      XL: |  1  2  3  4  5  6  7  8  9 10 11 |
---------------+----------------------------------+-----
Dodging        | 1 2 3 4 5 6 7 |  7.0
Armour         | 2 3 5 6 7 9 |  9.2
Long Blades    | 2 4 |  4.6
Invocations    | 3 4 5 6 7 8 10 | 10.2
Fighting       | 4 5 6 7 8 9 10 | 10.5
Axes           | 3 4 |  4.0
Shields        | 3 4 |  4.0

Action                   |  1- 3 |  4- 6 |  7- 9 | 10-12 || total
-------------------------+-------+-------+-------+-------++-------
Melee: Falchion          |    96 |   116 |   132 |       ||   344
       Kick              |    19 |    45 |    57 |   118 ||   239
       Hand axe          |       |       |    52 |   263 ||   315
       Scimitar          |       |       |       |    45 ||    45
Throw: Stone             |     1 |    14 |     7 |     8 ||    30
       Dart              |       |       |    37 |    16 ||    53
Invok: Depart the Abyss  |     1 |       |       |       ||     1
       Bend Space        |       |     1 |       |       ||     1
       Banish            |       |       |     1 |     8 ||     9
       Corrupt           |       |       |     1 |       ||     1
  Use: Scroll            |     1 |     4 |       |     8 ||    13
       Potion            |       |     2 |     5 |     6 ||    13
 Stab: Sleeping          |       |     2 |       |       ||     2
  Eat: Chunk             |     3 |     6 |    14 |    12 ||    35
       Ration            |       |       |       |     1 ||     1
Armor: Leather armour    |    22 |    16 |    55 |    42 ||   135
       Skin              |       |    10 |       |    11 ||    21
       Robe              |       |       |       |     6 ||     6
Dodge: Dodged            |    57 |    64 |   172 |   253 ||   546
Block: Buckler           |       |       |       |    71 ||    71
       Rpst.: Falchion   |    15 |    25 |    38 |       ||    78
       Scimitar          |       |       |       |    14 ||    14
